[Event "Titled Tuesday Blitz July 11 Late 2023"]
[White "Kiselev, Pavel"]
[Black "Salazar Farias, Luis German"]
[WhiteFideId "4191102"]
[BlackFideId "3902170"]
[WhiteElo "2266"]
[BlackElo "2471"]
[Result "1-0"]
[Round "4"]
[TimeControl "180+2"]
[Date "2023.07.11"]
[WhiteClock "0:00:32"]
[BlackClock "0:00:16"]
[Board "141"]

1. Nf3 d5 2. c4 e6 3. d4 Nf6 4. e3 b6 5. Nc3 Bb7 6. Bd3 Bd6 7. O-O O-O 8. b3 Nbd7 9. Bb2 Re8 10. cxd5 exd5 11. Qc2 c6 12. Nd2 a5 13. Rae1 b5 14. e4 dxe4 15. Ncxe4 Nxe4 16. Nxe4 Bb4 17. Re3 Nf6 18. Nxf6+ Qxf6 19. Bxh7+ Kf8 20. d5 Qd6 21. Rg3 f6 22. Qg6 Re7 23. Bxf6 Qxf6 24. Rf3 Qxf3 25. gxf3 cxd5 26. Rd1 Rf7 27. Qb6 Rc8 28. Qxb5 d4 29. Be4 Bxe4 30. fxe4 Bc3 31. e5 Re8 32. Qc5+ Kg8 33. Kg2 Rf5 34. Qd5+ Kh7 35. f4 Rxf4 36. e6 Rf6 37. Qh5+ Rh6 38. Qxe8 Rg6+ 39. Qxg6+ Kxg6 40. Kf3 Kf6 41. Ke4 Kxe6 42. Rxd4 Bxd4 43. Kxd4 Kf5 44. a3 Ke6 45. b4 axb4 46. axb4 Kd6 47. b5 g5 48. h3 Kc7 49. Ke5 Kb6 50. Kf5 Kxb5 51. Kxg5 Kc6 52. Kg6 Kd7 53. h4 Ke8 54. Kg7 Ke7 55. h5 Ke6 56. h6 Kf5 57. h7 Kg5 58. h8=Q Kf5 59. Qh6 Ke4 60. Qf6 Kd5 61. Kg6 Ke4 62. Qf5+ Kd4 63. Kf6 Ke3 64. Ke6 Kd4 65. Qe5+ Kd3 66. Kd5 Kc2 67. Qe4+ Kd2 68. Qd4+ Kc2 69. Ke4 Kc1 70. Qd3 Kb2 71. Kd4 Kc1 72. Qe2 Kb1 73. Kc3 Ka1 74. Qb2# 1-0


[Site "https://www.chess.com"]

[Event "Titled Tuesday Blitz July 11 Late 2023"]
[White "rionelG"]
[Black "Sliwicki, Damian"]
[BlackFideId "1127128"]
[WhiteElo "2253"]
[BlackElo "2469"]
[Result "1-0"]
[Round "4"]
[TimeControl "180+2"]
[Date "2023.07.11"]
[WhiteClock "0:02:02"]
[BlackClock "0:01:28"]
[Board "142"]

1. e4 c5 2. g3 h5 3. h3 d5 4. exd5 Qxd5 5. Nf3 e5 6. Nc3 Qc6 7. Bg2 e4 8. Qe2 f5 9. d3 Nf6 10. dxe4 fxe4 11. Ng5 Be7 12. Ngxe4 Nxe4 13. Nxe4 Bf5 14. Bg5 O-O 15. Bxe7 Re8 16. Nf6+ Qxf6 17. Bxf6 Nc6 18. Bxc6 bxc6 19. Be5 1-0


[Site "https://www.chess.com"]

[Event "Titled Tuesday Blitz July 11 Late 2023"]
[White "SicilianPanzer"]
[Black "Luong Phuong Hanh"]
[BlackFideId "12401013"]
[WhiteElo "2252"]
[BlackElo "2468"]
[Result "0-1"]
[Round "4"]
[TimeControl "180+2"]
[Date "2023.07.11"]
[WhiteClock "0:00:00"]
[BlackClock "0:00:49"]
[Board "143"]

1. e4 c5 2. Nf3 e6 3. b3 Nf6 4. e5 Ng4 5. h3 Nh6 6. Bb2 Nf5 7. Bd3 Nc6 8. O-O Nfd4 9. Re1 Qc7 10. Na3 a6 11. Nxd4 cxd4 12. Qg4 Nxe5 13. Qxd4 Nxd3 14. Qxd3 b5 15. c4 b4 16. Nc2 a5 17. Nd4 Bb7 18. Nb5 Qc6 19. Qg3 d6 20. d4 Qd7 21. d5 e5 22. Bxe5 dxe5 23. Qxe5+ Kd8 24. Qg5+ f6 25. Qg3 Bc5 26. Re6 Ba6 27. Nd6 Bd4 28. Rae1 Be5 29. f4 Bxd6 30. Rxd6 Qxd6 31. Qxg7 Rf8 32. Re6 Qc5+ 33. Kh2 Ra7 34. Qg4 Bc8 0-1


[Site "https://www.chess.com"]

[Event "Titled Tuesday Blitz July 11 Late 2023"]
[White "Chemin, Justo Reinaldo"]
[Black "Alboredo, Julia"]
[WhiteFideId "2101580"]
[BlackFideId "2124807"]
[WhiteElo "2246"]
[BlackElo "2468"]
[Result "0-1"]
[Round "4"]
[TimeControl "180+2"]
[Date "2023.07.11"]
[WhiteClock "0:00:00"]
[BlackClock "0:00:25"]
[Board "144"]

1. d4 Nf6 2. c4 g6 3. Nc3 Bg7 4. e4 d6 5. Nge2 O-O 6. Ng3 e5 7. d5 h5 8. h4 c6 9. Be2 a6 10. Bg5 b5 11. dxc6 Nxc6 12. cxb5 Nd4 13. bxa6 Qb6 14. Bxf6 Qxb2 15. Nd5 Nxe2 16. Nxe2 Bxa6 17. Nec3 Bh6 18. Rb1 Qa3 19. Rb3 Qa5 20. Bg5 Bg7 21. g4 Bc4 22. gxh5 Bxb3 23. axb3 Qa1 24. O-O Qxd1 25. Rxd1 gxh5 26. Be7 Rfb8 27. Bxd6 Rxb3 28. Rd3 Ra1+ 29. Kg2 Rc1 0-1


[Site "https://www.chess.com"]

[Event "Titled Tuesday Blitz July 11 Late 2023"]
[White "Estrada Nieto, Julian"]
[Black "Kohler, Aran"]
[WhiteFideId "5101018"]
[BlackFideId "1002856"]
[WhiteElo "2465"]
[BlackElo "2244"]
[Result "1-0"]
[Round "4"]
[TimeControl "180+2"]
[Date "2023.07.11"]
[WhiteClock "0:00:57"]
[BlackClock "0:01:08"]
[Board "145"]

1. e4 c6 2. d4 d5 3. Nc3 dxe4 4. Nxe4 Bf5 5. Ng3 Bg6 6. h4 h6 7. Nf3 Nd7 8. h5 Bh7 9. Bd3 Ngf6 10. Bxh7 Nxh7 11. Qd3 e6 12. Bd2 Be7 13. O-O-O Ng5 14. Qe2 Nxf3 15. Qxf3 Nf6 16. Kb1 Qd5 17. Qe2 Qxg2 18. c4 O-O-O 19. Rdg1 Qxh1 20. Rxh1 Rxd4 21. Bc3 Rd7 22. Rd1 Rhd8 23. Rxd7 Rxd7 24. a3 Bc5 25. Bxf6 gxf6 26. Ne4 Be7 27. Qe3 f5 28. Nc3 Bg5 29. Qxa7 Rd2 30. Qa8+ Kc7 31. Qa5+ Kb8 32. Qe5+ Ka7 33. f4 1-0


[Site "https://www.chess.com"]

[Event "Titled Tuesday Blitz July 11 Late 2023"]
[White "Kopacz, Grzegorz"]
[Black "Rubio Tent, Francisco"]
[WhiteFideId "1109880"]
[BlackFideId "2238233"]
[WhiteElo "2231"]
[BlackElo "2460"]
[Result "0-1"]
[Round "4"]
[TimeControl "180+2"]
[Date "2023.07.11"]
[WhiteClock "0:00:00"]
[BlackClock "0:00:14"]
[Board "146"]

1. e4 c6 2. d4 d5 3. Nc3 dxe4 4. Nxe4 Bf5 5. Ng3 Bg6 6. h4 h6 7. h5 Bh7 8. f4 e6 9. Nf3 Nf6 10. Bd3 Bxd3 11. Qxd3 c5 12. c3 Nc6 13. O-O cxd4 14. Nxd4 Bc5 15. Rd1 Qb6 16. b4 Bxd4+ 17. cxd4 O-O-O 18. Bb2 Nd5 19. b5 Nce7 20. Rac1+ Kb8 21. Ne2 Nf5 22. a4 Rc8 23. Rxc8+ Rxc8 24. Rc1 Rd8 25. Ba3 Rc8 26. Rxc8+ Kxc8 27. Qc4+ Qc7 28. Qxc7+ Kxc7 29. Kf2 Kb6 30. g4 Nfe7 0-1


[Site "https://www.chess.com"]

[Event "Titled Tuesday Blitz July 11 Late 2023"]
[White "Sala, Giulia"]
[Black "KorolDimitriy75"]
[WhiteFideId "2840451"]
[WhiteElo "2230"]
[BlackElo "2455"]
[Result "1-0"]
[Round "4"]
[TimeControl "180+2"]
[Date "2023.07.11"]
[WhiteClock "0:01:16"]
[BlackClock "0:00:00"]
[Board "147"]

1. d4 Nf6 2. Bf4 c5 3. e3 Qb6 4. Nc3 Qxb2 5. Nb5 Nd5 6. a3 Nc3 7. Nc7+ Kd8 8. Qc1 Qxc1+ 9. Rxc1 e5 10. Nxa8 exf4 11. Bd3 cxd4 12. exf4 Bxa3 13. Ra1 Bb2 14. Rxa7 Nc6 15. Nb6 Nxa7 16. Nf3 Ba3 17. Nxd4 Bc5 18. Nxc8 Nxc8 19. Nb3 Bb4 20. O-O Nb6 21. Ra1 Kc7 22. g3 g6 23. Nd4 Ra8 24. Re1 Ncd5 25. Nb5+ Kc6 26. Re4 Ra1+ 27. Kg2 Nc3 28. Nxc3 Bxc3 29. Re7 f5 30. Rxh7 Rd1 31. Rh6 1-0


[Site "https://www.chess.com"]

[Event "Titled Tuesday Blitz July 11 Late 2023"]
[White "BrandonJiang123456"]
[Black "whiteglovethief"]
[WhiteElo "2229"]
[BlackElo "2452"]
[Result "0-1"]
[Round "4"]
[TimeControl "180+2"]
[Date "2023.07.11"]
[WhiteClock "0:00:55"]
[BlackClock "0:01:57"]
[Board "148"]

1. e4 d5 2. exd5 Qxd5 3. Nc3 Qa5 4. d4 Nf6 5. h3 Bf5 6. Nf3 e6 7. Bd3 Bxd3 8. Qxd3 Nc6 9. O-O Bb4 10. Bd2 O-O 11. a3 Bxc3 12. Bxc3 Qd5 13. Rfe1 Rad8 14. Qe3 Qb5 15. a4 Qc4 16. b3 Qa6 17. Bb2 b5 18. axb5 Qxb5 19. c4 Qb7 20. Ba3 Rfe8 21. Bc5 a6 22. Ra3 Nd7 23. Rea1 Nxc5 24. dxc5 a5 25. Ne5 Nb4 26. Qe2 f6 27. Nf3 Nc6 28. Qe3 e5 29. Qe4 Rb8 30. Qxe5 Nxe5 0-1


[Site "https://www.chess.com"]

[Event "Titled Tuesday Blitz July 11 Late 2023"]
[White "Broca Jimenez, Fernando"]
[Black "Le Goff, Ronan"]
[WhiteFideId "5104742"]
[BlackFideId "612073"]
[WhiteElo "2228"]
[BlackElo "2446"]
[Result "0-1"]
[Round "4"]
[TimeControl "180+2"]
[Date "2023.07.11"]
[WhiteClock "0:00:07"]
[BlackClock "0:00:52"]
[Board "149"]

1. Nf3 Nf6 2. b3 d5 3. Bb2 Bg4 4. e3 Nbd7 5. d4 e6 6. Be2 Bb4+ 7. c3 Bd6 8. Nbd2 Bxf3 9. Bxf3 e5 10. dxe5 Nxe5 11. Be2 O-O 12. Nf3 Qe7 13. O-O Rad8 14. Qc2 Ne4 15. c4 Nxf3+ 16. Bxf3 c6 17. cxd5 cxd5 18. Rfd1 Rc8 19. Qd3 Bxh2+ 20. Kxh2 Qh4+ 21. Kg1 Qxf2+ 22. Kh2 Qxb2 23. Qxd5 Nc3 24. Qxb7 Nxd1 25. Rxd1 Qe5+ 26. Kh1 Qxe3 27. Qd7 Rc1 28. Rxc1 Qxc1+ 29. Kh2 Qf4+ 30. Kg1 Qe3+ 31. Kh2 g6 32. Bd5 Kg7 33. g3 h5 34. Kh3 h4 35. Qd6 Qxg3+ 36. Qxg3 hxg3 37. Kxg3 Rd8 38. Bc4 Rd2 39. a4 f5 0-1


[Site "https://www.chess.com"]

[Event "Titled Tuesday Blitz July 11 Late 2023"]
[White "Nunez V, Gustavo Eduardo"]
[Black "Bazzano, Sebastian"]
[WhiteFideId "4403690"]
[BlackFideId "104566"]
[WhiteElo "2444"]
[BlackElo "2221"]
[Result "1-0"]
[Round "4"]
[TimeControl "180+2"]
[Date "2023.07.11"]
[WhiteClock "0:00:54"]
[BlackClock "0:00:00"]
[Board "150"]

1. e4 e6 2. d3 c5 3. Nd2 Nc6 4. g3 g6 5. Bg2 Bg7 6. Ne2 Nge7 7. O-O O-O 8. Nc3 d5 9. exd5 exd5 10. Re1 Be6 11. Nf1 Rc8 12. Bf4 h6 13. Qd2 g5 14. Bxg5 hxg5 15. Qxg5 Ng6 16. Qh5 Bxc3 17. bxc3 Qf6 18. Rab1 b6 19. Ne3 d4 20. cxd4 Nxd4 21. Nd5 Bxd5 22. Bxd5 Rcd8 23. c4 Kg7 24. Kg2 Rh8 25. Qg4 Rhe8 26. h4 Kf8 27. h5 Ne5 28. Qd1 Nec6 29. Re4 Rxe4 30. dxe4 Nb4 31. a3 Nxd5 32. cxd5 Re8 33. Qg4 Qe5 34. f3 Nc2 35. Kh3 Ne3 36. Qf4 Qxf4 37. gxf4 Nc2 38. a4 Nd4 39. Kg4 Kg7 40. f5 Kf6 41. a5 Rg8+ 42. Kf4 Ne2+ 43. Ke3 Nc3 44. Rb3 Na4 45. axb6 Nxb6 46. Kf4 c4 47. Ra3 Ra8 48. h6 1-0


[Site "https://www.chess.com"]

[Event "Titled Tuesday Blitz July 11 Late 2023"]
[White "KSho99"]
[Black "Jimenez Ruano, Adrian"]
[BlackFideId "22276050"]
[WhiteElo "2220"]
[BlackElo "2440"]
[Result "0-1"]
[Round "4"]
[TimeControl "180+2"]
[Date "2023.07.11"]
[WhiteClock "0:00:05"]
[BlackClock "0:02:20"]
[Board "151"]

1. d4 Nf6 2. Nc3 d5 3. Bf4 e6 4. Nb5 Na6 5. e3 c6 6. Nc3 Bd6 7. Nf3 O-O 8. Ne5 c5 9. Bxa6 bxa6 10. dxc5 Bxc5 11. O-O a5 12. Re1 Ba6 13. Qf3 Nd7 14. Na4 Nxe5 15. Bxe5 Bb4 16. c3 Bd6 17. Bxd6 Qxd6 18. b3 Bb5 19. Nb2 Rac8 20. Rac1 Qe5 21. e4 dxe4 22. Rxe4 Qg5 23. Rd1 Bc6 24. Rg4 Bxf3 25. Rxg5 Bxd1 26. Nxd1 Rfd8 27. Ne3 Rxc3 28. h4 f5 0-1


[Site "https://www.chess.com"]

[Event "Titled Tuesday Blitz July 11 Late 2023"]
[White "Matt, Fabian"]
[Black "Ricaurte Lopez, Juan Carlos"]
[WhiteFideId "1623303"]
[BlackFideId "3600327"]
[WhiteElo "2437"]
[BlackElo "2126"]
[Result "1-0"]
[Round "4"]
[TimeControl "180+2"]
[Date "2023.07.11"]
[WhiteClock "0:00:24"]
[BlackClock "0:00:00"]
[Board "152"]

1. Nf3 d5 2. e3 e6 3. c4 c5 4. b3 Nc6 5. cxd5 exd5 6. Bb2 Nf6 7. Bb5 Be7 8. O-O O-O 9. d4 Qb6 10. Be2 Bf5 11. Nbd2 Rfd8 12. Rc1 c4 13. Nh4 Be6 14. g3 a5 15. Qc2 Nb4 16. Qb1 cxb3 17. Nxb3 a4 18. Nc5 a3 19. Bc3 Bxc5 20. dxc5 Qxc5 21. Qxb4 Qa7 22. Bxf6 gxf6 23. Qf4 d4 24. Qxf6 d3 25. Bg4 Bxg4 26. Qg5+ Kf8 27. Qxg4 d2 28. Nf5 dxc1=Q 29. Qg7+ Ke8 30. Qg8+ Kd7 31. Qxf7+ Kc6 32. Rxc1+ Kb5 33. Qb3+ Ka6 34. Qxa3+ Kb6 35. Qb4+ Ka6 36. Rc3 1-0


[Site "https://www.chess.com"]

[Event "Titled Tuesday Blitz July 11 Late 2023"]
[White "cycygogne"]
[Black "Sztokbant, Bernardo Vainzoff"]
[BlackFideId "2115956"]
[WhiteElo "2125"]
[BlackElo "2436"]
[Result "0-1"]
[Round "4"]
[TimeControl "180+2"]
[Date "2023.07.11"]
[WhiteClock "0:01:19"]
[BlackClock "0:01:12"]
[Board "153"]

1. e4 c5 2. Nf3 e6 3. d4 cxd4 4. Nxd4 Nc6 5. Nc3 Qc7 6. Be3 a6 7. Bd3 Nf6 8. O-O Bd6 9. h3 O-O 10. Kh1 Be5 11. Nb3 Bxc3 12. bxc3 d5 13. exd5 Nxd5 14. Qh5 g6 15. Qh6 Nxe3 16. fxe3 Qe5 17. Nd4 Bd7 18. Rf4 Qg7 19. Qxg7+ Kxg7 20. Rb1 e5 21. Rxb7 exf4 22. Rxd7 Ne5 23. Re7 Nxd3 24. cxd3 fxe3 25. Rxe3 Rfe8 26. Rxe8 Rxe8 27. Kg1 Re1+ 28. Kf2 Ra1 0-1


[Site "https://www.chess.com"]

[Event "Titled Tuesday Blitz July 11 Late 2023"]
[White "Srdanovic, Jovana"]
[Black "Tsukerman, Julia"]
[WhiteFideId "954810"]
[BlackFideId "2621649"]
[WhiteElo "2433"]
[BlackElo "2091"]
[Result "1-0"]
[Round "4"]
[TimeControl "180+2"]
[Date "2023.07.11"]
[WhiteClock "0:00:20"]
[BlackClock "0:00:00"]
[Board "154"]

1. d4 d5 2. c4 e6 3. Nc3 Be7 4. Nf3 Nf6 5. Bg5 O-O 6. e3 b6 7. Bxf6 Bxf6 8. Qb3 Bb7 9. cxd5 exd5 10. Rd1 Re8 11. Be2 c6 12. O-O Nd7 13. Rfe1 Nf8 14. a4 a5 15. h3 g6 16. Nh2 Nd7 17. Nf1 Bg7 18. f3 Nf6 19. e4 dxe4 20. Bc4 Rf8 21. fxe4 Ba6 22. Ne3 Qc7 23. Bxa6 Rxa6 24. d5 cxd5 25. exd5 Qc5 26. d6 Bh6 27. Nd5 Nd7 28. Ne7+ Kh8 29. Kh1 Raa8 30. Rd5 Qb4 31. Qxb4 axb4 32. Rb5 Rxa4 33. Nc4 Ra6 34. Nc6 Bf4 35. Nxb4 Ra4 36. b3 Raa8 37. Nd5 1-0


[Site "https://www.chess.com"]

[Event "Titled Tuesday Blitz July 11 Late 2023"]
[White "Pein, Jonathan"]
[Black "Djordjevic, Dejan N"]
[WhiteFideId "417092"]
[BlackFideId "913316"]
[WhiteElo "2431"]
[BlackElo "2087"]
[Result "1-0"]
[Round "4"]
[TimeControl "180+2"]
[Date "2023.07.11"]
[WhiteClock "0:01:00"]
[BlackClock "0:00:15"]
[Board "155"]

1. e4 c5 2. Nf3 Nc6 3. d4 cxd4 4. Nxd4 Nf6 5. Nc3 Qb6 6. Ndb5 a6 7. Na3 Qc7 8. Be2 b5 9. Nd5 Qe5 10. O-O Nxd5 11. exd5 Nd8 12. Re1 Qb8 13. d6 e6 14. Bf4 Nb7 15. Bf3 Na5 16. Bxa8 Qxa8 17. c4 b4 18. Qa4 Nc6 19. Nb5 Qb7 20. Nc7+ Kd8 21. c5 f6 22. Rad1 h5 23. Qc2 Ne7 24. dxe7+ Bxe7 25. Nxe6+ Ke8 26. Qg6# 1-0


[Site "https://www.chess.com"]

[Event "Titled Tuesday Blitz July 11 Late 2023"]
[White "Geske, Bruna"]
[Black "Andrews, Todd"]
[WhiteFideId "4701100"]
[BlackFideId "2012456"]
[WhiteElo "2053"]
[BlackElo "2430"]
[Result "0-1"]
[Round "4"]
[TimeControl "180+2"]
[Date "2023.07.11"]
[WhiteClock "0:00:14"]
[BlackClock "0:00:37"]
[Board "156"]

1. e4 e6 2. d4 d5 3. exd5 exd5 4. Nf3 Bg4 5. Be2 Nc6 6. O-O Bd6 7. c3 Nge7 8. Re1 Qd7 9. Nbd2 O-O-O 10. Nf1 f6 11. b4 Ng6 12. a4 h5 13. a5 Kb8 14. b5 Nce7 15. c4 dxc4 16. Bxc4 h4 17. h3 Bf5 18. b6 Nf4 19. bxa7+ Ka8 20. a6 b6 21. Ne3 Bxh3 22. Nf1 Nxg2 23. Rxe7 Bxe7 24. N1h2 g5 25. Qe2 Rde8 26. Qe4+ c6 27. d5 Bc5 28. dxc6 Rxe4 29. cxd7 Rxc4 30. Bb2 Rd8 31. Bxf6 Rxd7 32. Bxg5 Rc2 33. Bxh4 Nxh4 34. Nxh4 Bxf2+ 35. Kh1 Bxh4 0-1


[Site "https://www.chess.com"]

[Event "Titled Tuesday Blitz July 11 Late 2023"]
[White "Jonkman, Harmen"]
[Black "Milovic, Aleksandra"]
[WhiteFideId "1002708"]
[BlackFideId "933988"]
[WhiteElo "2428"]
[BlackElo "2042"]
[Result "0-1"]
[Round "4"]
[TimeControl "180+2"]
[Date "2023.07.11"]
[WhiteClock "0:00:14"]
[BlackClock "0:01:04"]
[Board "157"]

1. e4 e5 2. Nf3 Nf6 3. d4 Nxe4 4. Bd3 d5 5. Nxe5 Nd7 6. Nxd7 Bxd7 7. O-O Bd6 8. Nc3 Nxc3 9. bxc3 O-O 10. Qh5 f5 11. Bg5 Be7 12. h4 g6 13. Qh6 Bxg5 14. hxg5 Qe7 15. Rfe1 Qg7 16. Re5 Qxh6 17. gxh6 Bc6 18. c4 Rad8 19. Rae1 Rfe8 20. Rxe8+ Rxe8 21. Rxe8+ Bxe8 22. cxd5 Kf8 23. f4 Ke7 24. Kf2 Kd6 25. c4 a6 26. Ke3 b5 27. c5+ Kxd5 28. Bc2 Kc4 29. Bb3+ Kc3 30. d5 a5 31. d6 cxd6 32. cxd6 a4 33. Be6 b4 34. d7 Bxd7 35. Bxd7 b3 36. axb3 a3 37. Bxf5 gxf5 38. g4 a2 39. gxf5 a1=Q 40. Ke4 Qe1+ 41. Kd5 Qe7 42. b4 Kxb4 43. f6 Qxf6 44. Ke4 Kc4 45. f5 Qxh6 46. Ke5 Qf8 47. f6 h5 48. Ke6 h4 49. f7 Qxf7+ 50. Kxf7 h3 51. Kg7 h2 52. Kg8 h1=Q 53. Kf8 Qe4 54. Kg7 Qe6 55. Kh7 Qf6 56. Kg8 Qe7 57. Kh8 Kd5 58. Kg8 Ke5 59. Kh8 Kf6 60. Kg8 Qg7# 0-1


[Site "https://www.chess.com"]

[Event "Titled Tuesday Blitz July 11 Late 2023"]
[White "Mikhalsky, Vladimir"]
[Black "Upper, John"]
[WhiteFideId "14144352"]
[BlackFideId "2606437"]
[WhiteElo "2423"]
[BlackElo "1995"]
[Result "0-1"]
[Round "4"]
[TimeControl "180+2"]
[Date "2023.07.11"]
[WhiteClock "0:01:24"]
[BlackClock "0:00:43"]
[Board "158"]

1. d4 Nf6 2. c4 e6 3. g3 d5 4. Bg2 Bb4+ 5. Bd2 Be7 6. Nf3 O-O 7. O-O c6 8. Qc2 Nbd7 9. a4 a5 10. Bf4 b6 11. Rd1 Ba6 12. b3 Rc8 13. Ne5 Nxe5 14. dxe5 Nd7 15. e4 Qc7 16. exd5 cxd5 17. Qd2 Nc5 18. Qxd5 exd5 0-1


[Site "https://www.chess.com"]

[Event "Titled Tuesday Blitz July 11 Late 2023"]
[White "Rodriguez Fontecha, Marcos"]
[Black "ATM622"]
[WhiteFideId "2256576"]
[WhiteElo "2419"]
[BlackElo "2540"]
[Result "0-1"]
[Round "4"]
[TimeControl "180+2"]
[Date "2023.07.11"]
[WhiteClock "0:00:04"]
[BlackClock "0:01:37"]
[Board "159"]

1. e4 c6 2. d4 d5 3. Nc3 dxe4 4. Nxe4 Bf5 5. Ng3 Bg6 6. f4 e6 7. Nf3 Nd7 8. Bc4 Ngf6 9. Qe2 Be7 10. O-O O-O 11. c3 c5 12. dxc5 Nxc5 13. Kh1 Nce4 14. Nxe4 Nxe4 15. Ne5 Nd6 16. Bb3 Qc7 17. Be3 b6 18. Rfe1 Nf5 19. Bf2 Bc5 20. Bxc5 bxc5 21. Rad1 Qe7 22. Rd7 Qh4 23. Kg1 Qxf4 24. Rf1 Qg5 25. Rc7 Rad8 26. Nd7 Qe7 27. Nxf8 Qxc7 28. Nxg6 hxg6 29. Bc4 a5 30. Re1 a4 31. b3 axb3 32. axb3 Qf4 33. Qe4 Qd2 34. Qe5 Nh4 35. Qe4 Qxc3 36. h3 Nf5 37. Rf1 Ng3 0-1


[Site "https://www.chess.com"]

[Event "Titled Tuesday Blitz July 11 Late 2023"]
[White "Papayan, Oleg"]
[Black "Burke, Paul"]
[WhiteFideId "4193911"]
[BlackFideId "2605767"]
[WhiteElo "2500"]
[BlackElo "1907"]
[Result "1-0"]
[Round "4"]
[TimeControl "180+2"]
[Date "2023.07.11"]
[WhiteClock "0:00:18"]
[BlackClock "0:00:14"]
[Board "160"]

1. d4 a6 2. e4 d6 3. Bc4 g6 4. Nf3 h6 5. a4 e6 6. Nc3 Nd7 7. Bf4 Bg7 8. Qd2 Ne7 9. h4 Nb6 10. Bb3 d5 11. e5 Nc4 12. Bxc4 dxc4 13. Qe2 Nd5 14. Bd2 Nxc3 15. Bxc3 Qd5 16. h5 g5 17. O-O O-O 18. Nd2 b5 19. axb5 axb5 20. Qe4 Bb7 21. Qxd5 Bxd5 22. Bb4 Rxa1 23. Rxa1 Ra8 24. Ra5 Rxa5 25. Bxa5 c6 26. f3 f6 27. exf6 Bxf6 28. c3 Be7 29. Ne4 Bxe4 30. fxe4 Kf7 31. Kf2 Kf6 32. Kf3 c5 33. g4 cxd4 34. cxd4 b4 35. Ke3 e5 36. Bc7 exd4+ 37. Kxd4 Ke6 38. Kxc4 Bf6 39. b3 Bc3 40. Bg3 Bd2 41. Kd4 Bc3+ 42. Kc5 Bd2 43. Kc6 Bc3 44. Kc7 Bd2 45. Kd8 Bc3 46. Ke8 Be5 47. Bxe5 Kxe5 48. Kf7 Kxe4 49. Kg6 Kf4 50. Kxh6 Kxg4 51. Kg6 Kf4 52. h6 g4 53. h7 g3 54. h8=Q g2 55. Qh2+ Kf3 56. Qg1 1-0


[Site "https://www.chess.com"]

[Event "Titled Tuesday Blitz July 11 Late 2023"]
[White "Balla, Tamas-Kristof"]
[Black "Weisz, Bryan"]
[WhiteFideId "1208497"]
[BlackFideId "30934133"]
[WhiteElo "2397"]
[BlackElo "2328"]
[Result "0-1"]
[Round "4"]
[TimeControl "180+2"]
[Date "2023.07.11"]
[WhiteClock "0:00:04"]
[BlackClock "0:00:13"]
[Board "161"]

1. e4 e5 2. Nf3 Nc6 3. Bc4 g5 4. d4 d5 5. Bxd5 Bg4 6. c3 h6 7. h3 Bh5 8. Be3 Bg7 9. Nbd2 Nge7 10. Bc4 exd4 11. cxd4 Nxd4 12. Bxd4 Bxd4 13. Qa4+ Nc6 14. Bd5 Bg7 15. Bxc6+ bxc6 16. Qxc6+ Kf8 17. O-O Rb8 18. e5 Rxb2 19. Nc4 Rc2 20. Nd4 Qxd4 21. Qa8+ Ke7 22. Qb7 Rxc4 23. Rfe1 Rd8 24. e6 fxe6 25. Qa6 Bf7 26. Rab1 Rc2 27. Rb7 Qxf2+ 0-1


[Site "https://www.chess.com"]

[Event "Titled Tuesday Blitz July 11 Late 2023"]
[White "Fieberg, Samuel"]
[Black "AndresDelgado77"]
[WhiteFideId "12901717"]
[WhiteElo "2379"]
[BlackElo "2307"]
[Result "0-1"]
[Round "4"]
[TimeControl "180+2"]
[Date "2023.07.11"]
[WhiteClock "0:00:14"]
[BlackClock "0:01:00"]
[Board "162"]

1. c3 g6 2. Qc2 Bg7 3. f3 c5 4. Qd3 Nc6 5. Qe3 b6 6. Qf2 d5 7. Kd1 d4 8. Qe1 e5 9. c4 f5 10. d3 Nf6 11. h4 O-O 12. Bg5 h6 13. Bxf6 Qxf6 14. Nd2 Bb7 15. h5 g5 16. Rh2 Rae8 17. a3 e4 18. Kc2 exd3+ 19. exd3 Rxe1 20. Rxe1 Qd6 21. Rh1 a6 22. Ne2 Re8 23. b3 b5 24. g4 fxg4 25. fxg4 Nb4+ 26. axb4 Bxh1 27. bxc5 Qxc5 28. Ra1 Qb4 29. Rxa6 bxc4 30. bxc4 Rb8 31. Ng3 Bb7 32. Ra7 Ra8 33. Rxa8+ Bxa8 34. Be2 Qc3+ 35. Kd1 Bc6 36. Ke1 Be5 37. Nf1 Bf4 38. Kd1 Be3 39. Ke1 Qc1+ 40. Bd1 Ba4 41. Nxe3 dxe3 0-1


[Site "https://www.chess.com"]

[Event "Titled Tuesday Blitz July 11 Late 2023"]
[White "Bogaudinov, Rushan"]
[Black "Al Mukhaini, Shima"]
[WhiteFideId "4129288"]
[BlackFideId "22005854"]
[WhiteElo "2357"]
[BlackElo "2299"]
[Result "1/2-1/2"]
[Round "4"]
[TimeControl "180+2"]
[Date "2023.07.11"]
[WhiteClock "0:00:15"]
[BlackClock "0:00:18"]
[Board "163"]

1. a3 e5 2. b4 d6 3. Bb2 g6 4. h4 h5 5. e3 a5 6. c4 axb4 7. axb4 Rxa1 8. Bxa1 Be6 9. Qa4+ Nd7 10. Nf3 f6 11. d4 Nh6 12. Bd3 Nf5 13. Nc3 Bg7 14. O-O O-O 15. d5 Bf7 16. e4 Ne7 17. Bb2 Bh6 18. Qa7 Qa8 19. Ra1 Qxa7 20. Rxa7 Rb8 21. Nb5 Nc8 22. Ra1 c6 23. Nc7 Bf8 24. Nd2 Be7 25. Nb3 Bd8 26. Ne6 Bxe6 27. dxe6 Nf8 28. c5 d5 29. Na5 dxe4 30. Bxe4 Ne7 31. Rd1 Bxa5 32. bxa5 Nxe6 33. Rd7 Nxc5 34. Rxe7 Nxe4 35. f3 Nd6 36. Re6 Ne8 37. Ba3 Ra8 38. Bb4 Nc7 39. Rd6 Nd5 40. Bd2 Re8 41. Kf2 Kf7 42. Rd7+ Re7 43. Rd8 Ke6 44. Rg8 Kf7 45. Rd8 Rc7 46. g4 hxg4 47. fxg4 Re7 48. h5 gxh5 49. gxh5 f5 50. Bg5 Rc7 51. Rd6 f4 52. h6 Kg8 53. Rg6+ Kh7 54. Re6 Ne3 55. Kf3 Nc4 56. Ke4 Rf7 57. Bf6 Kxh6 58. Bxe5+ Kg5 59. Bd4 f3 60. Bf2 Nxa5 61. Re5+ Kg4 62. Rxa5 Re7+ 63. Kd3 Re2 64. Be3 Rb2 65. Ra1 f2 66. Rf1 Kf3 67. Bxf2 Rxf2 68. Rb1 b5 69. Rc1 Rb2 70. Rxc6 Kf4 71. Kd4 Kf5 72. Kc5 Ke5 73. Rb6 Rc2+ 74. Kxb5 Kd5 75. Ka6 Kc5 76. Kb7 Rh2 77. Rc6+ Kb5 78. Rc1 Rh7+ 79. Kc8 Kb6 80. Kd8 Rg7 81. Ke8 Ra7 82. Kd8 Rg7 83. Ke8 Kb5 84. Kd8 Kb4 85. Ke8 Kb3 86. Rd1 Kc2 87. Rd7 Rg6 88. Kf7 Rh6 89. Re7 Kd3 90. Kg7 Ra6 91. Kf7 Kd4 92. Re6 Ra7+ 93. Kf6 Ra8 94. Rb6 Kd5 95. Kg6 Rf8 96. Rf6 Rg8+ 97. Kf5 Rg1 98. Ra6 Rf1+ 99. Kg4 Ke4 100. Ra4+ Ke5 101. Ra5+ Kf6 102. Ra6+ Kg7 103. Ra7+ Kg6 104. Ra6+ Kf7 105. Ra7+ Ke6 106. Ra6+ Kd7 107. Ra7+ Kc6 108. Ra4 Kb5 109. Rf4 Rg1+ 110. Kf5 Rg8 111. Ke5 Re8+ 112. Kf5 Kc5 113. Kg4 Kd5 114. Kf3 Re1 115. Kf2 Ra1 116. Rf3 Ke4 117. Re3+ Kf4 118. Rf3+ Kg4 119. Rg3+ Kf4 120. Rf3+ Ke4 121. Re3+ Kd4 122. Rf3 Ra2+ 123. Kg3 Ke4 124. Rf4+ 1/2-1/2


[Site "https://www.chess.com"]